 Dungeon Crawl Stone Soup version 0.31-a0-716-gc7603755dd (webtiles) character file.

Game seed: 14099499213962595232

33 dialectric the Poker (level 3, -7/39 HPs)
             Began as an Octopode Berserker on Sept 10, 2023.
             Was a Follower of Trog.
             Mangled by a worm (10 damage)
             ... on level 2 of the Dungeon.
             The game lasted 00:00:37 (765 turns).

dialectric the Poker (Octopode Berserker)            Turns: 765, Time: 00:00:37

Health: -7/39      AC:  1    Str: 18    XL:     3   Next: 29%
Magic:  3/3        EV: 13    Int:  9    God:    Trog [*.....]
Gold:   51         SH:  0    Dex: 11    Spells: 2/2 levels left

rFire   . . .        a - +0 spear
rCold   . . .        (no shield)
rNeg    . . .        (helmet restricted)
rPois   .            (no amulet)
rElec   .            (no ring)
rCorr   .            (no ring)
SInv    .            (no ring)
Will    .....        (no ring) Stlth
                     (no ring)
HPRegen 0.26/turn    (no ring)
MPRegen 0.08/turn    (no ring)
                     (no ring)

%: no passive effects
@: berserking (expiring), very quick
A: almost no armour, amphibious, 8 rings, camouflage 1, gelatinous body 1,
(nimble swimmer 1), tentacles
a: Renounce Religion, Berserk


You were on level 2 of the Dungeon.
You worshipped Trog.
Trog was aware of your devotion.
You visited 1 branch of the dungeon, and saw 2 of its levels.

You collected 51 gold pieces.

Inventory:

Hand Weapons
 a - a +0 spear (weapon)
Missiles
 c - a throwing net
Scrolls
 b - a scroll of fear {unknown}
 e - a scroll of immolation {unknown}
Potions
 d - a potion of heal wounds {unknown}
 f - a potion of invisibility {unknown}


   Skills:
 + Level 3.4 Fighting
 + Level 3.4 Polearms
 + Level 3.3 Dodging
 + Level 1.2 Stealth


You had 2 spell levels left.
You didn't know any spells.
Your spell library was empty.

Dungeon Overview and Level Annotations

Branches:
Dungeon (2/15)

Altars:


Innate Abilities, Weirdness & Mutations

You cannot wear most types of armour.
You are amphibious.
You can wear up to eight rings at the same time.
Your skin changes colour to match your surroundings (Stealth+).
Your rubbery body absorbs attacks. (AC +1, EV +1)
((You are camouflaged when in or above water. (Stealth+)))
You have tentacles for arms and can constrict up to eight enemies at once.


Message History

The endoplasm hits you.
You see here a fuming red potion.
You hit the endoplasm.
The endoplasm is severely wounded.
The ball python barely misses you. x2; The endoplasm barely misses you.
You hit the endoplasm but do no damage.
The endoplasm is severely wounded.
The ball python misses you. The ball python closely misses you.
The endoplasm freezes you.
You are frozen.
The ball python bites you.
* * * LOW HITPOINT WARNING * * *
The ball python misses you.
The ball python attacks as it pursues you!
The ball python bites you.
* * * LOW HITPOINT WARNING * * *
The ball python closely misses you. The ball python barely misses you.
The ball python completely misses you.
Okay, then.
A red film seems to cover your vision as you go berserk!
You feel yourself moving faster!
You feel mighty! The ball python closely misses you.
The ball python barely misses you.
You puncture the ball python!
You kill the ball python!
Trog accepts your kill. The endoplasm freezes you.
You are frozen.
* * * LOW HITPOINT WARNING * * *
You see here a ball python corpse.
You feel a strong urge to attack something.
You puncture the endoplasm!
You kill the endoplasm!
Trog accepts your kill.
You hit the worm. You grab the worm.
The worm is moderately wounded.
You constrict the worm. You barely miss the worm.
The worm is moderately wounded.
You constrict the worm. The worm bites you!
You die...

#. .. ..# #.. #..
.. #.# ##.###.##
#.# #...#...# #.#
#...#.# #.# #...##
#.# ##w..#
#########.# #..@!#
#.........#
#...#.†##
#.#######.#
#...#...#.###.# #.#
###
#..###.##.#######>#
#.# ##........†..#
## #.##########.#
#.## #.# #.# #.# ##
#.#


You could see a worm.

Vanquished Creatures
  An adder (D:2)
  5 ball pythons
  A bat (D:1)
  An endoplasm (D:2)
  5 goblins (D:1)
  3 frilled lizards (D:1)
  4 kobolds (D:1)
  4 rats
24 creatures vanquished.

Notes
Turn   | Place    | Note
-------+----------+-------------------------------------------
     0 | D:1      | dialectric the Octopode Berserker began the quest for the
                  | Orb.
     0 | D:1      | Reached XP level 1. HP: 16/16 MP: 1/1
    80 | D:1      | Reached XP level 2. HP: 21/21 MP: 2/2
   703 | D:2      | Reached skill level 1 in Stealth
   703 | D:2      | Reached XP level 3. HP: 26/26 MP: 3/3
   765 | D:2      | Mangled by a worm

Illustrated notes

Levels and vault maps discovered:
D:1:      psy_arrival_conway, layout_rooms, minmay_misc_feat_more_columns
D:2:      layout_loops_ring, basic_altar, minmay_misc_feat_four_crosses

Skill      XL: |  1  2 |
---------------+-------+-----
Stealth        | 1 |  1.2
Fighting       | |  3.4
Polearms       | |  3.4
Dodging        | |  3.3

Action                     || total
---------------------------++-------
  Melee: Spear             ||    52
         Constrict         ||     8
         Tentacles         ||     6
 Invoke: Berserk           ||     1
   Stab: Sleeping          ||     7
 Armour: Skin              ||    15
  Dodge: Dodged            ||    18

Table legend: (Time is in decaauts)
 A = Elapsed time spent in this place.
 B = Non-inter-level travel time spent in this place.
 C = Inter-level travel time spent in this place.
 D = Time resting spent in this place.
 E = Time spent auto-exploring this place.
 F = Levels seen in this place.
 G = Mean time per level.
                   A        B        C        D        E       F      G
               +--------+--------+--------+--------+--------+-----+--------+
         Total |    759 |    707 |     52 |      0 |    589 |   2 |  379.5 |
       Dungeon |    759 |    707 |     52 |      0 |    589 |   2 |  379.5 |
               +--------+--------+--------+--------+--------+-----+--------+

Top non-repeatable levels by time:
     D:1: 609 daAuts
     D:2: 150 daAuts
